MWL (24 & UNDER)
PLUMSTEAD EAGLES @ ERIE JAXX
04/19/2024
 
TOP OF THE 1ST
Plumstead Eagles batting - Pitching for Erie Jaxx : RHP Denny Green
Pitching: RHP Denny Green
Batting: RHB Norogumi Tanaka 0-0: Ball
1-0: Foul Ball, location: 2F
1-1: Foul Ball, location: 2F
1-2: Ball
2-2: Foul Ball, location: 2F
2-2: Fly out, F8 (Flyball, 8LM)
Batting: LHB António Salazar 0-0: Ground out U3 (Groundball, 3)
Batting: RHB Germano Labrego 0-0: Ball
1-0: Called Strike
1-1: Swinging Strike
1-2: Strikes out swinging
Top of the 1st over - 0 run(s), 0 hit(s), 0 error(s), 0 left on base; Plumstead 0 - Erie 0
BOTTOM OF THE 1ST
Erie Jaxx batting - Pitching for Plumstead Eagles : RHP Juan Martínez
Pitching: RHP Juan Martínez
Batting: RHB Richard Bankhead 0-0: Called Strike
0-1: Ball
1-1: Called Strike
1-2: Foul Ball, location: 2F
1-2: Ball
2-2: Foul Ball, location: 2F
2-2: Ball
3-2: Base on Balls
Batting: RHB Bo Vickers 0-0: Fielders Choice at 2nd, 5-4 (Groundball, 56)
Batting: LHB Mark Everett 0-0: Called Strike
0-1: Called Strike
0-2: Fly out, F5 (Line Drive, 56)
Batting: LHB Jesús González 0-0: TRIPLE (Groundball, 3L)
Bo Vickers scores
Batting: RHB Luis Alou 0-0: Ball
1-0: Called Strike
1-1: Ball
2-1: Foul Ball, location: 2F
2-2: Ball
3-2: Ground out 4-3 (Groundball, 4)
Bottom of the 1st over - 1 run(s), 1 hit(s), 0 error(s), 1 left on base; Plumstead 0 - Erie 1
TOP OF THE 2ND
Plumstead Eagles batting - Pitching for Erie Jaxx : RHP Denny Green
Batting: RHB J.J. Leslie 0-0: Called Strike
0-1: SINGLE (Line Drive, 8RS)
Batting: RHB Juan Caceres 0-0: Foul Ball, location: 2F
0-1: Ball
1-1: Ball
2-1: Ball
3-1: Called Strike
3-2: Strikes out looking
Batting: LHB Miguel Colón 0-0: Ball
1-0: DOUBLE (Line Drive, 9M)
J.J. Leslie to third
Batting: RHB Ron King 0-0: Called Strike
0-1: Ball
1-1: Swinging Strike
1-2: Ball
2-2: Strikes out swinging
Batting: RHB Donald Sanford 0-0: Ground out 5-3 (Groundball, 5L)
Top of the 2nd over - 0 run(s), 2 hit(s), 0 error(s), 2 left on base; Plumstead 0 - Erie 1
BOTTOM OF THE 2ND
Erie Jaxx batting - Pitching for Plumstead Eagles : RHP Juan Martínez
Batting: LHB Sean Perkins 0-0: Ball
1-0: SINGLE (Flyball, 89S)
Batting: SHB Ben Marks 0-0: Ball
1-0: Called Strike
1-1: Ball
2-1: Swinging Strike
2-2: Fly out, F9 (Flyball, 89S)
Batting: RHB Raúl Bruno 0-0: Ball
1-0: Ball
Sean Perkins steals 2nd base
2-0: Ground out 5-3 (Groundball, 5)
Batting: RHB Raúl Ruíz 0-0: Swinging Strike
0-1: Ball
1-1: Ball
2-1: Ball
3-1: Foul Ball, location: 2F
3-2: Base on Balls
Batting: RHB Richard Bankhead 0-0: Foul Ball, location: 2F
0-1: Foul Ball, location: 2F
0-2: Ball
Wild Pitch!
Sean Perkins to third
Raúl Ruíz to second
1-2: Ball
2-2: Foul Ball, location: 2F
2-2: Ball
3-2: Foul Ball, location: 2F
3-2: SINGLE (Line Drive, 89S)
Sean Perkins scores
Raúl Ruíz to third
Raúl Ruíz scores
Batting: RHB Bo Vickers 0-0: Ball
1-0: Ball
2-0: Ball
3-0: Called Strike
3-1: Foul Ball, location: 2F
3-2: Foul Ball, location: 2F
3-2: DOUBLE (Line Drive, 78M)
Richard Bankhead to third
Richard Bankhead scores
Pitching: RHP Iván Márquez
Batting: LHB Mark Everett 0-0: Called Strike
0-1: Called Strike
0-2: Strikes out swinging
Bottom of the 2nd over - 3 run(s), 3 hit(s), 0 error(s), 1 left on base; Plumstead 0 - Erie 4
TOP OF THE 3RD
Plumstead Eagles batting - Pitching for Erie Jaxx : RHP Denny Green
Batting: RHB Jaime Rodríguez 0-0: Ball
1-0: Called Strike
1-1: Ball
2-1: Ball
3-1: Called Strike
3-2: Foul Ball, location: 2F
3-2: Base on Balls
Batting: RHB Norogumi Tanaka 0-0: Fly out, F8 (Flyball, 8LM)
Batting: LHB António Salazar 0-0: Ball
1-0: Foul Ball, location: 2F
1-1: Ball
2-1: Foul Ball, location: 2F
2-2: Fielders Choice at 2nd, 6-4 (Groundball, 6)
Batting: RHB Germano Labrego 0-0: Ball
1-0: Ball
2-0: Fly out, F7 (Flyball, 7D)
Top of the 3rd over - 0 run(s), 0 hit(s), 0 error(s), 1 left on base; Plumstead 0 - Erie 4
BOTTOM OF THE 3RD
Erie Jaxx batting - Pitching for Plumstead Eagles : RHP Iván Márquez
Batting: LHB Jesús González 0-0: Called Strike
0-1: Ball
1-1: Ground out 4-3 (Groundball, 34)
Batting: RHB Luis Alou 0-0: Foul Ball, location: 2F
0-1: Foul Ball, location: 2F
0-2: Ball
1-2: Foul Ball, location: 2F
1-2: Ball
2-2: Ball
3-2: Base on Balls
Batting: LHB Sean Perkins 0-0: 2-RUN HOME RUN (Flyball, 9D), Distance : 366 ft
Batting: SHB Ben Marks 0-0: Called Strike
0-1: Ball
1-1: Foul Ball, location: 2F
1-2: Strikes out looking
Batting: RHB Raúl Bruno 0-0: Ball
1-0: Ground out 6-3 (Groundball, 56)
Bottom of the 3rd over - 2 run(s), 1 hit(s), 0 error(s), 0 left on base; Plumstead 0 - Erie 6
TOP OF THE 4TH
Plumstead Eagles batting - Pitching for Erie Jaxx : RHP Denny Green
Batting: RHB J.J. Leslie 0-0: Called Strike
0-1: Fly out, F9 (Popup, 4D)
Batting: RHB Juan Caceres 0-0: Called Strike
0-1: Ball
1-1: Called Strike
1-2: Ball
2-2: Strikes out swinging
Batting: LHB Miguel Colón 0-0: Foul Ball, location: 2F
0-1: Ground out 3-1 (Groundball, 34S)
Top of the 4th over - 0 run(s), 0 hit(s), 0 error(s), 0 left on base; Plumstead 0 - Erie 6
BOTTOM OF THE 4TH
Erie Jaxx batting - Pitching for Plumstead Eagles : RHP Iván Márquez
Batting: RHB Raúl Ruíz 0-0: Foul Ball, location: 2F
0-1: Swinging Strike
0-2: Foul Ball, location: 2F
0-2: SINGLE (Line Drive, 89S)
Batting: RHB Richard Bankhead 0-0: Ball
1-0: Called Strike
1-1: Ball
2-1: Called Strike
2-2: Ball
Wild Pitch!
Raúl Ruíz to second
3-2: Foul Ball, location: 2F
3-2: Base on Balls
Batting: RHB Bo Vickers 0-0: Swinging Strike
0-1: Ball
1-1: Ball
2-1: Foul Ball, location: 2F
2-2: Foul Ball, location: 2F
2-2: Foul Ball, location: 2F
2-2: Ball
3-2: Strikes out swinging
Batting: LHB Mark Everett 0-0: Called Strike
0-1: Ball
1-1: Ball
2-1: Ball
3-1: Foul Ball, location: 2F
3-2: Strikes out swinging
Batting: LHB Jesús González 0-0: Ball
1-0: Foul Ball, location: 2F
1-1: Ball
2-1: 3-RUN HOME RUN (Flyball, 8RXD), Distance : 430 ft
Pitching: LHP Ayres Carrasco
Batting: RHB Luis Alou 0-0: Ball
1-0: Ball
2-0: Called Strike
2-1: Called Strike
2-2: Ball
3-2: Ground out 5-3 (Groundball, 5L)
Bottom of the 4th over - 3 run(s), 2 hit(s), 0 error(s), 0 left on base; Plumstead 0 - Erie 9
TOP OF THE 5TH
Plumstead Eagles batting - Pitching for Erie Jaxx : RHP Denny Green
Batting: RHB Ron King 0-0: Ball
1-0: Ball
2-0: Ball
3-0: Called Strike
3-1: Foul Ball, location: 2F
3-2: Ground out 4-3 (Groundball, 6M)
Batting: RHB Donald Sanford 0-0: Foul Ball, location: 2F
0-1: Fly out, F8 (Flyball, 8RD)
Batting: RHB Jaime Rodríguez 0-0: Ball
1-0: Ball
2-0: Called Strike
2-1: Foul Ball, location: 2F
2-2: Fly out, F8 (Flyball, 8RM)
Top of the 5th over - 0 run(s), 0 hit(s), 0 error(s), 0 left on base; Plumstead 0 - Erie 9
BOTTOM OF THE 5TH
Erie Jaxx batting - Pitching for Plumstead Eagles : LHP Ayres Carrasco
Batting: LHB Sean Perkins 0-0: Ball
1-0: Foul Ball, location: 2F
1-1: SINGLE (Flyball, 89S)
Batting: SHB Ben Marks 0-0: Ball
1-0: Ball
2-0: Fly out, F8 (Flyball, 8RD)
Batting: RHB Raúl Bruno 0-0: Ball
1-0: Foul Ball, location: 2F
1-1: Ball
2-1: Ball
3-1: Foul Ball, location: 2F
3-2: Base on Balls
Sean Perkins to second
Batting: RHB Raúl Ruíz 0-0: Ball
1-0: Ball
Wild Pitch!
Sean Perkins to third
Raúl Bruno to second
2-0: Ball
3-0: Base on Balls
Batting: RHB Richard Bankhead 0-0: Ball
1-0: Called Strike
1-1: DOUBLE (Flyball, 78M)
Sean Perkins scores
Raúl Bruno scores
Raúl Ruíz to third
Runner from 3rd tries for Home, SAFE, throw made at trailing runner, SAFE at third!
Batting: RHB Bo Vickers 0-0: Called Strike
0-1: Called Strike
0-2: Ball
1-2: Strikes out swinging
Batting: LHB Mark Everett 0-0: Foul Ball, location: 2F
0-1: Ball
1-1: Ball
2-1: Foul Ball, location: 2F
2-2: Fly out, F5 (Popup, 56)
Bottom of the 5th over - 3 run(s), 2 hit(s), 0 error(s), 1 left on base; Plumstead 0 - Erie 12
TOP OF THE 6TH
Plumstead Eagles batting - Pitching for Erie Jaxx : RHP Denny Green
Batting: RHB Norogumi Tanaka 0-0: Ball
1-0: Ball
2-0: Ball
3-0: Called Strike
3-1: Fly out, F6 (Popup, 6S)
Batting: LHB António Salazar 0-0: Foul Ball, location: 2F
0-1: Ball
1-1: Foul Ball, location: 2F
1-2: Strikes out swinging
Batting: RHB Germano Labrego 0-0: Ground out U3 (Groundball, 3)
Top of the 6th over - 0 run(s), 0 hit(s), 0 error(s), 0 left on base; Plumstead 0 - Erie 12
BOTTOM OF THE 6TH
Erie Jaxx batting - Pitching for Plumstead Eagles : LHP Ayres Carrasco
Pitching: RHP Lane Lund
Batting: LHB Jesús González 0-0: Called Strike
0-1: Called Strike
0-2: Hit by Pitch
Pinch Hitting: RHB Luis Ramos 0-0: Called Strike
0-1: Ball
1-1: Ball
2-1: Ball
3-1: Base on Balls
Jesús González to second
Batting: LHB Sean Perkins 0-0: Called Strike
Jesús González steals 3rd base
Luis Ramos to second
0-1: Ball
1-1: SINGLE (Groundball, 6MD)
Jesús González scores
Luis Ramos to third
Batting: SHB Ben Marks 0-0: Grounds into double play, 4-6-3 (Groundball, 34)
Luis Ramos scores
Batting: RHB Raúl Bruno 0-0: Called Strike
0-1: Swinging Strike
0-2: Ball
1-2: Foul Ball, location: 2F
1-2: Ball
2-2: Fly out, F9 (Flyball, 9D)
Bottom of the 6th over - 2 run(s), 1 hit(s), 0 error(s), 0 left on base; Plumstead 0 - Erie 14
TOP OF THE 7TH
Plumstead Eagles batting - Pitching for Erie Jaxx : RHP Denny Green
Now in CF: Luis Ramos
Batting: RHB J.J. Leslie 0-0: Called Strike
0-1: Ball
1-1: Ground out 5-3 (Groundball, 15S)
Batting: RHB Juan Caceres 0-0: Ball
1-0: Ball
2-0: Called Strike
2-1: Called Strike
2-2: Strikes out swinging
Batting: LHB Miguel Colón 0-0: Ball
1-0: Fly out, F8 (Flyball, 8LM)
Top of the 7th over - 0 run(s), 0 hit(s), 0 error(s), 0 left on base; Plumstead 0 - Erie 14
BOTTOM OF THE 7TH
Erie Jaxx batting - Pitching for Plumstead Eagles : RHP Lane Lund
Batting: RHB Raúl Ruíz 0-0: Ball
1-0: Ball
2-0: Ball
3-0: Called Strike
3-1: Foul Ball, location: 2F
3-2: Fly out, F7 (Line Drive, 7M)
Batting: RHB Richard Bankhead 0-0: Called Strike
0-1: Ball
1-1: DOUBLE (Flyball, 78M)
Batting: RHB Bo Vickers 0-0: Called Strike
Richard Bankhead steals 3rd base
0-1: Called Strike
0-2: Strikes out swinging
Batting: LHB Mark Everett 0-0: Foul Ball, location: 2F
0-1: Ball
1-1: Foul Ball, location: 2F
1-2: Strikes out swinging
Bottom of the 7th over - 0 run(s), 1 hit(s), 0 error(s), 1 left on base; Plumstead 0 - Erie 14
TOP OF THE 8TH
Plumstead Eagles batting - Pitching for Erie Jaxx : RHP Denny Green
Pitching: RHP Pedro Mendoza
Batting: RHB Ron King 0-0: Called Strike
0-1: Ball
1-1: Swinging Strike
1-2: Ball
2-2: Hit by Pitch
Batting: RHB Donald Sanford 0-0: Swinging Strike
0-1: Swinging Strike
0-2: Ball
1-2: Strikes out swinging
Batting: RHB Jaime Rodríguez 0-0: Foul Ball, location: 2F
0-1: Called Strike
0-2: Foul Ball, location: 2F
0-2: Foul Ball, location: 2F
0-2: Strikes out swinging
Batting: RHB Norogumi Tanaka 0-0: Called Strike
0-1: Swinging Strike
0-2: Hit by Pitch
Ron King to second
Batting: LHB António Salazar 0-0: Ball
1-0: Called Strike
1-1: Swinging Strike
1-2: Ground out 4-3 (Groundball, 4)
Top of the 8th over - 0 run(s), 0 hit(s), 0 error(s), 2 left on base; Plumstead 0 - Erie 14
BOTTOM OF THE 8TH
Erie Jaxx batting - Pitching for Plumstead Eagles : RHP Lane Lund
Pitching: RHP Alden Parker
Batting: LHB Jesús González 0-0: DOUBLE (Line Drive, 89XD)
Batting: RHB Luis Ramos 0-0: Called Strike
0-1: Foul Ball, location: 2F
0-2: Ball
1-2: Strikes out swinging
Batting: LHB Sean Perkins 0-0: Foul Ball, location: 2F
0-1: Ball
1-1: Ball
2-1: Ball
3-1: Base on Balls
Throwing error on steal attempt, E2
Jesús González scores
Batting: SHB Ben Marks 0-0: Called Strike
0-1: Ball
1-1: Foul Ball, location: 2F
1-2: Ball
Passed Ball!
Sean Perkins to second
2-2: SINGLE (Groundball, 34S)
Sean Perkins to third
Runner from 3rd tries for Home, SAFE, throw made home
Batting: RHB Raúl Bruno 0-0: Foul Ball, location: 2F
0-1: Foul Ball, location: 2F
0-2: Strikes out swinging
Batting: RHB Raúl Ruíz 0-0: Ball
1-0: Called Strike
1-1: Foul Ball, location: 2F
1-2: Strikes out swinging
Bottom of the 8th over - 2 run(s), 2 hit(s), 1 error(s), 1 left on base; Plumstead 0 - Erie 16
TOP OF THE 9TH
Plumstead Eagles batting - Pitching for Erie Jaxx : RHP Pedro Mendoza
Now in CF: José Darias
Batting: RHB Germano Labrego 0-0: Ball
1-0: Called Strike
1-1: Called Strike
1-2: Foul Ball, location: 2F
1-2: Ground out 6-3 (Groundball, 6M)
Batting: RHB J.J. Leslie 0-0: Foul Ball, location: 2F
0-1: Foul Ball, location: 2F
0-2: Ball
1-2: Foul Ball, location: 2F
1-2: Strikes out swinging
Batting: RHB Juan Caceres 0-0: Called Strike
0-1: Called Strike
0-2: Strikes out swinging
Top of the 9th over - 0 run(s), 0 hit(s), 0 error(s), 0 left on base; Plumstead 0 - Erie 16
This league is powered by Out of the Park Baseball, the baseball management simulation game for PC, Mac and Linux
Saturday, April 9th, 2016 - OOTP Baseball 16.8 Build 38